 Dungeon Crawl Stone Soup version 0.23.2 (webtiles) character file.

Game seed: 4736244855918786582

346 Borgoz the Ducker (level 6, -4/51 HPs)
             Began as a Ghoul Gladiator on Apr 3, 2019.
             Was an Initiate of Ashenzari.
             Slain by a gnoll
             ... wielding a +0 halberd
              (15 damage)
             ... on level 4 of the Dungeon.
             The game lasted 00:05:15 (3029 turns).

Borgoz the Ducker (Ghoul Gladiator)                 Turns: 3029, Time: 00:05:16

Health: -4/51      AC:  6    Str: 18    XL:     6   Next: 59%
Magic:  5/5        EV: 12    Int: 11    God:    Ashenzari [......]
Gold:   140        SH:  0    Dex: 10    Spells: 5/5 levels left

rFire    . . .     SeeInvis .   a - +0 rapier
rCold    + . .     Gourm    .   (no shield)
rNeg     + + +     Faith    .   h - +0 ring mail
rPois    ∞         Spirit   .   c - +0 helmet
rElec    .         Reflect  .   (no cloak)
rCorr    +         Harm     .   (no gloves)
MR       .....                  (no boots)
Stlth    +.........             (no amulet)
HPRegen  0.00/turn              l - +6 ring of intelligence
MPRegen  0.09/turn              p - ring of resist corrosion

@: rotting
A: rotting body, claws 1, carnivore, cold resistance 1, negative energy
resistance 3, inhibited regeneration, torment resistance, unbreathing
a: Curse Item, Renounce Religion


You were on level 4 of the Dungeon.
You worshipped Ashenzari.
Ashenzari was noncommittal.
You were not hungry.

You visited 1 branch of the dungeon, and saw 4 of its levels.

You collected 140 gold pieces.

Inventory:

Hand Weapons
 a - a +0 rapier (weapon)
 s - a +0 rapier
Armour
 c - a +0 helmet (worn)
 h - a +0 ring mail (worn)
Jewellery
 l - a +6 ring of intelligence (left claw)
 p - a ring of resist corrosion (right claw)
Wands
 q - a wand of digging (7)
Scrolls
 b - a scroll of teleportation {unknown}
 e - 2 scrolls of fear {unknown}
 g - 2 scrolls of blinking {unknown}
 i - a scroll of random uselessness {unknown}
 j - a scroll of enchant weapon {unknown}
 k - 2 scrolls of remove curse
 m - a scroll of fog {unknown}
 n - 3 scrolls of identify {unknown}
 r - a scroll of enchant armour {unknown}
 v - a scroll of immolation {unknown}
Potions
 t - a potion of resistance
 u - a potion of brilliance {unknown}
Comestibles
 f - 3 rations


   Skills:
 + Level 3.2 Fighting
 * Level 4.0 Short Blades
 - Level 1.7 Throwing
 * Level 2.6 Armour
 * Level 4.0 Dodging
 + Level 2.2 Stealth


You had 5 spell levels left.
You didn't know any spells.
Your spell library was empty.

Dungeon Overview and Level Annotations

Branches:
Dungeon (4/15)
 Temple: D:4-7

Altars:
Ashenzari
Hepliaklqana
Makhleb
Vehumet
Yredelemnul


Innate Abilities, Weirdness & Mutations

Your body is rotting away.
You thrive on raw meat.
You are immune to poison.
You have sharp fingernails.
You are carnivorous and can eat meat at any time.
Your flesh is cold resistant. (rC+)
You are immune to negative energy. (rN+++)
You do not regenerate when monsters are visible.
You are immune to unholy pain and torment.
You can survive without breathing.


Message History

The gnoll is heavily wounded.
The gnoll barely misses you. The gnoll hits you with a +0 halberd!
You are too injured to fight recklessly!
You are too injured to fight recklessly!
Throwing (i - inventory)
d - a throwing net (quivered)
Press: ? - help, Shift-Dir - straight line, f - gnoll
Aim: a gnoll, wielding a +0 halberd You throw a throwing net.
The throwing net barely misses the gnoll.
The gnoll hits you with a +0 spear. The gnoll hits you with a +0 halberd.
Firing (i - inventory) No suitable missiles.
Press: ? - help, Shift-Dir - straight line, f/p - gnoll
Aim: a gnoll, wielding a +0 halberd
Okay, then.
You hit the gnoll but do no damage.
The gnoll is heavily wounded.
The gnoll hits you with a +0 spear.
* * * LOW HITPOINT WARNING * * *
The gnoll hits you with a +0 halberd!
You die...

####
###...#
#......##
........##
........(#
.........#
.......gg#
........@#
........<#
##.......#
#......##
#...).##
######


You could see 2 gnolls.

Vanquished Creatures
  A gnoll shaman (D:3)
  An orc priest (D:3)
  Ijyb (D:3)
  An orc wizard (D:3)
  A hound zombie (D:3)
  A worker ant zombie (D:3)
  9 gnolls
  3 adders
  An ooze (D:2)
  An adder skeleton (D:4)
  A worm (D:3)
  A dart slug (D:1)
  5 leopard geckos
  8 orcs (D:3)
  2 giant cockroaches
  10 goblins
  4 hobgoblins
  2 ball pythons (D:3)
  9 bats
  8 frilled lizards
  A jackal skeleton (D:3)
  6 kobolds
  A quokka skeleton (D:3)
  A quokka zombie (D:3)
  10 rats
89 creatures vanquished.

Notes
Turn   | Place    | Note
-------+----------+-------------------------------------------
     0 | D:1      | Borgoz the Ghoul Gladiator began the quest for the Orb.
     0 | D:1      | Reached XP level 1. HP: 17/17 MP: 0/0
    76 | D:1      | Found a shattered altar of Ashenzari.
   144 | D:1      | Reached XP level 2. HP: 22/24 MP: 1/1
   439 | D:1      | Reached skill level 1 in Armour
   443 | D:1      | Reached XP level 3. HP: 25/30 MP: 2/2
   656 | D:1      | Became a worshipper of Ashenzari the Shackled
   979 | D:1      | Reached skill level 1 in Stealth
  1137 | D:2      | Reached XP level 4. HP: 23/37 MP: 3/3
  1472 | D:2      | Reached XP level 5. HP: 39/42 MP: 4/4
  2011 | D:3      | Found a burning altar of Makhleb.
  2037 | D:3      | Found a basalt altar of Yredelemnul.
  2038 | D:3      | Found a radiant altar of Vehumet.
  2128 | D:3      | Noticed Ijyb
  2144 | D:3      | Killed Ijyb
  2430 | D:3      | Reached XP level 6. HP: 43/51 MP: 5/5
  2443 | D:3      | Found a hazy altar of Hepliaklqana.
  3029 | D:4      | Slain by a gnoll

Skill      XL: |  1  2  3  4  5  6 |
---------------+-------------------+-----
Short Blades   | 3 4 |  4.0
Armour         | 1 2 |  2.6
Dodging        | 3 4 |  4.0
Stealth        | 1 2 |  2.2
Fighting       | 3 |  3.2
Throwing       | |  1.7

Action                   |  1- 3 |  4- 6 || total
-------------------------+-------+-------++-------
Melee: Rapier            |    96 |   240 ||   336
Throw: Throwing net      |     2 |     3 ||     5
 Stab: Held in net/web   |     1 |       ||     1
  Eat: Chunk             |     4 |    12 ||    16
Armor: Leather armour    |    14 |       ||    14
       Ring mail         |    33 |    69 ||   102
Dodge: Dodged            |    50 |   158 ||   208
